 Dungeon Crawl Stone Soup version 0.24-a0-184-gcb5ae2c (webtiles) character file.

Game seed: 10555586325944727343

139 Dfrag the Firebug (level 5, 27/35 HPs)
             Began as a Demonspawn Fire Elementalist on Mar 15, 2019.
             Quit the game on level 2 of the Dungeon.
             The game lasted 00:02:14 (1729 turns).

Dfrag the Firebug (Demonspawn Fire Elementalist)    Turns: 1729, Time: 00:02:15

Health: 27/35      AC:  2    Str:  9    XL:     5   Next: 1%
Magic:  6/9        EV: 12    Int: 17    God:
Gold:   124        SH:  0    Dex: 13    Spells: 9/10 levels left

rFire    . . .     SeeInvis .   (no weapon)
rCold    . . .     Gourm    .   (no shield)
rNeg     . . .     Faith    .   a - +0 robe
rPois    .         Spirit   .   (no helmet)
rElec    .         Reflect  .   (no cloak)
rCorr    .         Harm     .   (no gloves)
MR       .....                  (no boots)
Stlth    ++........             (no amulet)
HPRegen  0.11/turn              (no ring)
MPRegen  0.11/turn              (no ring)

@: no status effects
A: claws 1, demonic guardian 1, powered by pain 1
a: no special abilities


You were on level 2 of the Dungeon.
You were not hungry.

You visited 1 branch of the dungeon, and saw 4 of its levels.

You collected 124 gold pieces.

Inventory:

Armour
 a - a +0 robe (worn)
Wands
 j - a wand of paralysis (4)
Scrolls
 b - a scroll of amnesia {unknown}
 e - a scroll of remove curse {unknown}
 f - a scroll of blinking {unknown}
 h - 3 scrolls of identify {unknown}
 i - a scroll of magic mapping {unknown}
Potions
 d - 2 potions of curing {unknown}
 g - 2 potions of heal wounds
 l - a potion of mutation {unknown}
Comestibles
 c - 5 rations
 k - 5 chunks of flesh


   Skills:
 - Level 1.7 Dodging
 - Level 1.7 Stealth
 + Level 3.1 Spellcasting
 + Level 2.9 Conjurations
 + Level 3.7 Fire Magic


You had 9 spell levels left.
You knew the following spells:

 Your Spells              Type           Power        Failure   Level  Hunger
a - Flame Tongue          Conj/Fire      ##...        4%          1    None

Your spell library contained the following spells:

 Spells                   Type           Power        Failure   Level  Hunger
 Throw Flame              Conj/Fire      ##....       7%          2    ##.....
 Conjure Flame            Conj/Fire      ##......     13%         3    ###....
 Inner Flame              Hex/Fire       #.......     24%         3    ###....
 Sticky Flame             Conj/Fire      ##......     41%         4    ####...
 Fireball                 Conj/Fire      ##........   77%         5    ######.


Dungeon Overview and Level Annotations

Branches:
Dungeon (4/15)
 Temple: D:4-7

Altars:


Innate Abilities, Weirdness & Mutations

You have sharp fingernails.
A weak demonic guardian rushes to your aid.
You sometimes gain a little power by taking damage.


Message History

Confirm with . or Enter, or press ? or * to list all spells.
Aiming: Flame Tongue (safe; 4% risk of failure)
Press: ? - help, Shift-Dir - straight line, f/p - frilled lizard
Aim: a frilled lizard The flame tongue hits the frilled lizard!
You kill the frilled lizard!
You see here a frilled lizard corpse.
You butcher the frilled lizard corpse.
k - 5 chunks of flesh (gained 1)
You see here a frilled lizard skeleton.
You see here a cursed -1 dagger.
You see here a +0 club.
c - 5 rations (gained 1)
There is a stone staircase leading up here.
You climb upwards.
There is a stone staircase leading down here.
A leopard gecko and a worm come into view.
There are monsters nearby!
There are monsters nearby!
Are you sure you want to abandon this character and quit the game? (Confirm with "yes".)

#......# #.##.# #.(.
#......# #.##.. #...
##+#+### #..... #... #.##
#.. ##########.#.. #..
#.....>....... +...
#.####.#####.## ####...
#......@....... ......
#.........##.## #.....
#.........+...# #...#.
...........##..# #...#.
...........#...# #...#.
...........#...#####...##
...####............'...'.
lw #####....#####...##
........# #...##


You could see a worm (sleeping) and a leopard gecko (sleeping).

Vanquished Creatures
  2 gnolls (D:4)
  An adder (D:2)
  2 dart slugs (D:4)
  A leopard gecko (D:4)
  An orc (D:4)
  2 bats
  4 goblins
  6 hobgoblins
  A jackal (D:4)
  A ball python (D:4)
  4 frilled lizards
  5 kobolds
  A leopard gecko skeleton (D:4)
  6 rats
37 creatures vanquished.

Vanquished Creatures (collateral kills)
  A bullfrog skeleton (D:4)
  An iguana (D:4)
  A worker ant (D:4)
  A gnoll (D:4)
  A ball python (D:4)
5 creatures vanquished.

Grand Total: 42 creatures vanquished

Notes
Turn   | Place    | Note
-------+----------+-------------------------------------------
     0 | D:1      | Dfrag the Demonspawn Fire Elementalist began the quest for
                  | the Orb.
     0 | D:1      | Reached XP level 1. HP: 13/13 MP: 3/3
   190 | D:1      | Gained mutation: A weak demonic guardian rushes to your
                  | aid. [demonic ancestry]
   190 | D:1      | Reached XP level 2. HP: 18/19 MP: 3/5
   858 | D:2      | Reached XP level 3. HP: 4/24 MP: 0/6
   866 | D:2      | HP: 1/24 [poisoned by an adder]
   995 | D:2      | You fall through a shaft for 2 floors!
  1246 | D:4      | Gained mutation: You have sharp fingernails. [demonic
                  | ancestry]
  1246 | D:4      | Reached XP level 4. HP: 5/30 MP: 1/8
  1700 | D:3      | Gained mutation: You sometimes gain a little power by
                  | taking damage. [demonic ancestry]
  1700 | D:3      | Reached XP level 5. HP: 27/35 MP: 5/9
  1729 | D:2      | Quit the game

Levels and vault maps discovered:
D:1:      nzn_arrival_crosshair, layout_basic
D:2:      layout_basic, first_ration
D:3:      layout_basic, gammafunk_ghost_cemetery, uniq_ijyb
D:4:      layout_basic, minmay_temple_entry_offerings, minmay_increasing_density

Skill      XL: |  1  2  3  4 |
---------------+-------------+-----
Fire Magic     | 3 |  3.7
Conjurations   | 2 |  2.9
Spellcasting   | 3 |  3.1
Dodging        | |  1.7
Stealth        | |  1.7

Action                   |  1- 3 |  4- 6 || total
-------------------------+-------+-------++-------
Melee: Unarmed           |    10 |     7 ||    17
 Cast: Flame Tongue      |    48 |    25 ||    73
  Use: Potion            |     3 |       ||     3
  Eat: Chunk             |     1 |     2 ||     3
Armor: Robe              |     6 |     1 ||     7
Dodge: Dodged            |    30 |    11 ||    41

Table legend:
 A = Non-vault XP
 B = Vault XP
 C = Vault XP percentage of total XP
 D = Non-vault monster count
 E = Vault monster count
 F = Vault count percentage of total count
                 A         B        C        D         E       F
            +---------+---------+-------+---------+---------+-------
      Total |     194 |       5 |   2.5 |      40 |       2 |   4.8
            +---------+---------+-------+---------+---------+-------
        D:1 |      22 |       0 |   0.0 |      15 |       0 |   0.0
        D:2 |      22 |       0 |   0.0 |       8 |       0 |   0.0
        D:3 |       7 |       0 |   0.0 |       5 |       0 |   0.0
        D:4 |     143 |       5 |   3.4 |      12 |       2 |  14.3
            +---------+---------+-------+---------+---------+-------
